 Dungeon Crawl Stone Soup version 0.22-a0-284-g99d1f74 (webtiles) character file.

239 nisroc the Cudgeler (level 6, -9/37 HPs)
             Began as a Gargoyle Berserker on Mar 22, 2018.
             Was an Initiate of Dithmenos.
             Mangled by Menkaure (13 damage)
             ... on level 4 of the Dungeon.
             The game lasted 00:21:27 (2999 turns).

nisroc the Cudgeler (Gargoyle Berserker)            Turns: 2999, Time: 00:21:28

Health: -9/37      AC: 18    Str: 27    XL:     6   Next: 7%
Magic:  6/6        EV: 10    Int:  8    God:    Dithmenos [......]
Gold:   118        SH:  3    Dex:  9    Spells: 5/5 levels left

rFire    . . .     SeeInvis .   l - +2 mace (crush)
rCold    . . .     Gourm    .   d - +0 buckler
rNeg     + . .     Faith    .   g - +3 scale mail
rPois    ∞         Spirit   .   a - +1 helmet
rElec    +         Reflect  .   h - +0 cloak
rCorr    .         Harm     .   f - +0 pair of gloves
MR       .....                  (no boots)
Stlth    ..........             b - amulet of rage
HPRegen  0.12/turn              (no ring)
MPRegen  0.10/turn              (no ring)

@: mighty, berserk cooldown, slowed, very slow
A: negative energy resistance 1, electricity resistance, unbreathing,
petrification resistance, rot immunity, AC +4
a: Renounce Religion, Evoke Berserk Rage


You were on level 4 of the Dungeon.
You worshipped Dithmenos.
Dithmenos was noncommittal.
You were not hungry.

You visited 1 branch of the dungeon, and saw 4 of its levels.

You collected 118 gold pieces.

Inventory:

Hand Weapons
 l - a +2 mace of crushing (weapon)
 m - a +0 hunting sling
Missiles
 i - 58 bolts
 p - 87 stones (quivered)
Armour
 a - a +1 helmet (worn)
 d - a +0 buckler (worn)
 f - a +0 pair of gloves (worn)
 g - a +3 scale mail (worn)
 h - a +0 cloak (worn)
 j - a +0 ring mail
 o - a +0 helmet
Jewellery
 b - an amulet of rage (around neck)
Comestibles
 c - 7 rations


   Skills:
 - Level 3.4 Fighting
 + Level 5.0 Maces & Flails
 + Level 3.2 Armour
 + Level 2.7 Dodging
 + Level 1.0 Stealth
 + Level 0.2 Shields
 + Level 0.7 Evocations


You had 5 spell levels left.
You didn't know any spells.

Dungeon Overview and Level Annotations

Branches:
Dungeon (4/15)
 Temple: D:4-7

Altars:
Dithmenos
Ru

Annotations:
D:4 Menkaure, Pikel


Innate Abilities, Weirdness & Mutations

You are resistant to torment.
Your stone body is resilient. (AC +4)
You are immune to poison.
You resist negative energy. (rN+)
You are resistant to electric shocks. (rElec)
You can survive without breathing.
You are immune to petrification.
You are immune to rotting.


Message History

* * * LOW HITPOINT WARNING * * *
Pikel burns you.
* * * LOW HITPOINT WARNING * * *
The slave hits you but does no damage. The slave closely misses you.
Pikel completely misses you. Pikel closely misses you.
Pikel closely misses you.
The slave hits you but does no damage. x2; You block Pikel's attack.
Pikel says, "Who am I kidding?
They'll work you to death!" Menkaure closely misses you.
Menkaure points at you and mumbles some strange words.
Pain shoots through your body!
* * * LOW HITPOINT WARNING * * *
Pikel closely misses you. Menkaure barely misses you.
Found a stone staircase leading down.
You hit Menkaure.
Menkaure is moderately damaged.
Menkaure hits you!
You die...

##........# ...>.
#.........# ....
#.....)...# #...
##........# ...
##.......† #..
###...... #$##
###...# #.######
##..# #@.....###
##.## ##MKp.....##
#..#
#.p........####.##
#...............#
#..........#...##
##........####..#
#........# #..#
### #.......##
##.#
##...##..#...## .#


You could see Pikel, 2 slaves and Menkaure.

Vanquished Creatures
  2 slaves (D:4)
  An ogre (D:3)
  Jessica (D:2)
  Robin (D:3)
  4 adders
  2 worms (D:2)
  A leopard gecko (D:3)
  An orc (D:3)
  A giant cockroach (D:1)
  7 hobgoblins
  4 jackals (D:2)
  7 kobolds
  A ball python (D:2)
  8 bats
  4 frilled lizards
  24 goblins
  8 rats
77 creatures vanquished.

Notes
Turn   | Place    | Note
-------+----------+-------------------------------------------
     0 | D:1      | nisroc the Gargoyle Berserker began the quest for the Orb.
     0 | D:1      | Reached XP level 1. HP: 14/14 MP: 1/1
   144 | D:1      | Reached XP level 2. HP: 13/19 MP: 2/2
   792 | D:2      | Noticed Jessica
   804 | D:2      | Killed Jessica
   804 | D:2      | Reached XP level 3. HP: 19/23 MP: 3/3
   871 | D:2      | Reached ** piety under Trog
   896 | D:2      | Reached XP level 4. HP: 24/28 MP: 4/4
  1047 | D:2      | Reached skill level 4 in Maces & Flails
  1136 | D:2      | Found a sacrificial altar of Ru.
  1626 | D:3      | Noticed Robin
  1646 | D:3      | Killed Robin
  1646 | D:3      | Reached XP level 5. HP: 32/32 MP: 5/5
  2091 | D:3      | Reached *** piety under Trog
  2241 | D:3      | Found a shadowy altar of Dithmenos.
  2270 | D:3      | Noticed an ogre
  2353 | D:3      | Killed an ogre
  2353 | D:3      | Reached skill level 5 in Maces & Flails
  2353 | D:3      | Reached skill level 1 in Stealth
  2353 | D:3      | Reached XP level 6. HP: 36/37 MP: 6/6
  2376 | D:3      | Fell from the grace of Trog
  2376 | D:3      | Became a worshipper of Dithmenos the Shadowed
  2553 | D:3      | Paralysed by Trog for 7 turns
  2966 | D:4      | Noticed a slave
  2967 | D:4      | Noticed Pikel
  2967 | D:4      | Noticed a slave
  2967 | D:4      | Noticed a slave
  2967 | D:4      | Noticed Menkaure
  2968 | D:4      | Noticed a slave
  2975 | D:4      | Killed a slave
  2982 | D:4      | Killed a slave
  2999 | D:4      | Mangled by Menkaure

Vault maps used:
D:1:      dpeg_arrival_subterranean_lakeside_camping
D:2:      marbit_many_paths, nicolae_overflow_crystal_walls, first_ration,
          uniq_jessica
D:3:      nicolae_dithmenos_through_a_glass_darkly, uniq_robin
D:4:      minmay_temple_entry_mist, uniq_sigmund, uniq_pikel, uniq_menkaure,
          uniq_edmund

Skill      XL: |  1  2  3  4  5 |
---------------+----------------+-----
Dodging        | 2 |  2.7
Maces & Flails | 4 5 |  5.0
Armour         | 3 |  3.2
Stealth        | 1 |  1.0
Fighting       | |  3.4
Shields        | |  0.2
Evocations     | |  0.7

Action                   |  1- 3 |  4- 6 || total
-------------------------+-------+-------++-------
Melee: Mace              |    89 |   128 ||   217
Throw: Stone             |       |     1 ||     1
Invok: Berserk           |       |     1 ||     1
 Abil: Evoke Berserk Rag |       |     2 ||     2
  Use: Scroll            |     1 |    10 ||    11
       Potion            |       |     6 ||     6
  Eat: Ration            |       |     3 ||     3
Armor: Animal skin       |    20 |       ||    20
       Leather armour    |    31 |    16 ||    47
       Ring mail         |     8 |       ||     8
       Scale mail        |       |    86 ||    86
Dodge: Dodged            |   102 |   117 ||   219
Block: Buckler           |       |    12 ||    12

Table legend:
 A = Spawn XP
 B = Non-spawn XP
 C = Spawn XP percentage of total XP
 D = Spawn monster count
 E = Non-spawn monster count
 F = Spawn count percentage of total count
 G = Total turns spent on level
                    A         B        C        D         E        F      G
               +---------+---------+-------+---------+---------+-------+---------
         Total |       0 |     342 |   0.0 |       0 |      75 |   0.0 |  2999
               +---------+---------+-------+---------+---------+-------+---------
           D:1 |       0 |      27 |   0.0 |       0 |      19 |   0.0 |   765
           D:2 |       0 |     108 |   0.0 |       0 |      27 |   0.0 |   793
           D:3 |       0 |     206 |   0.0 |       0 |      28 |   0.0 |  1345
           D:4 |       0 |       1 |   0.0 |       0 |       1 |   0.0 |    96
               +---------+---------+-------+---------+---------+-------+---------
